[ AOE2 MATCH · #506214450 ]
UnrankedBurmese vs Maya
Player's team · WIN
Rival team · LOSS
[ REPLAY ANALYSIS · EXTRACTED FROM THE RECORDED GAME ]
Feudal
10:59
Castle
21:21
Imperial
32:08
| APM avg | 31.0 |
| APM peak | 80 |
| eAPM avg | 20.9 |
| Villagers / military | 68 / 30 |
Focus
⚔️ 28.9% · 🌾 71.1%
Knight ×17 · Monk ×7 · Militia ×4 · Mangonel ×1 · Battering Ram ×1
Feudal
11:13
Castle
24:14
Imperial
30:38
| APM avg | 27.3 |
| APM peak | 72 |
| eAPM avg | 20.3 |
| Villagers / military | 87 / 25 |
Focus
⚔️ 31.9% · 🌾 68.1%
Archer ×17 · Mangonel ×3 · Trebuchet (Packed) ×3 · Plumed Archer ×2
Match map
Initial resources + every placement click. Lines = walls · curves = elevation contours. ◆ gold · ⬟ stone · ● berries · ✦ relic · ◌ wall gap
Your base· Open — opponent sealed themselves in
mattdow55's base· ✓ Closed at 24:14 · 23t walls · no gate
Smoothed initial terrain · ◌ = detected wall gap · hover for details
Inputs per minute
— JoshDomestique - - mattdow55
Build order — JoshDomestique
First 150 of 169 actions detected
| 0:00 | Create | Villager (Male) |
| 0:01 | Create | Villager (Male) |
| 0:02 | Build | House |
| 0:03 | Build | House |
| 0:03 | Create | Villager (Male) |
| 0:13 | Create | Villager (Male) |
| 0:54 | Research | Loom |
| 0:59 | Create | Villager (Male) |
| 1:06 | Build | House |
| 1:46 | Create | Villager (Male) |
| 2:23 | Create | Villager (Male) |
| 2:24 | Create | Villager (Male) |
| 2:46 | Create | Villager (Male) |
| 3:09 | Create | Villager (Male) |
| 3:43 | Create | Villager (Male) |
| 3:43 | Create | Villager (Male) |
| 3:51 | Build | Lumber Camp |
| 4:09 | Create | Villager (Male) |
| 4:39 | Create | Villager (Male) |
| 5:00 | Create | Villager (Male) |
| 5:22 | Build | House |
| 5:28 | Create | Villager (Male) |
| 5:41 | Create | Villager (Male) |
| 6:08 | Create | Villager (Male) |
| 6:11 | Create | Villager (Male) |
| 6:58 | Create | Villager (Male) |
| 6:58 | Create | Villager (Male) |
| 7:47 | Create | Villager (Male) |
| 8:02 | Create | Villager (Male) |
| 8:04 | Build | Barracks |
| 8:24 | Create | Villager (Male) |
| 8:47 | Research | Feudal Age |
| 8:53 | Build | Mining Camp |
| 9:18 | Create | Militia |
| 9:43 | Create | Militia |
| 9:47 | Build | House |
| 10:19 | Create | Militia |
| 10:28 | Create | Militia |
| 10:41 | Create | Villager (Male) |
| 10:59 | Age | Feudal Age |
| 11:01 | Build | Watch Tower |
| 11:08 | Create | Villager (Male) |
| 11:22 | Create | Villager (Male) |
| 11:25 | Build | Mill |
| 12:15 | Create | Villager (Male) |
| 12:21 | Build | House |
| 12:31 | Research | Town Watch |
| 12:55 | Create | Villager (Male) |
| 12:55 | Create | Villager (Male) |
| 12:57 | Build | Blacksmith |
| 13:21 | Build | House |
| 13:26 | Create | Villager (Male) |
| 13:27 | Build | Farm |
| 13:28 | Build | Farm |
| 13:28 | Build | Farm |
| 13:28 | Build | Farm |
| 13:34 | Create | Villager (Male) |
| 13:51 | Build | House |
| 14:02 | Build | Farm |
| 14:09 | Create | Villager (Male) |
| 14:11 | Build | Market |
| 14:34 | Build | House |
| 14:50 | Create | Villager (Male) |
| 15:06 | Create | Villager (Male) |
| 15:21 | Create | Villager (Male) |
| 15:28 | Build | Watch Tower |
| 15:30 | Create | Villager (Male) |
| 15:38 | Create | Villager (Male) |
| 15:47 | Research | Fletching |
| 16:33 | Create | Villager (Male) |
| 16:42 | Create | Villager (Male) |
| 16:51 | Build | Farm |
| 16:55 | Create | Villager (Male) |
| 17:17 | Build | Mining Camp |
| 17:49 | Create | Villager (Male) |
| 18:29 | Create | Villager (Male) |
| 18:41 | Research | Castle Age |
| 19:18 | Research | Horse Collar |
| 20:15 | Build | House |
| 20:33 | Build | Mining Camp |
| 20:35 | Research | Gold Mining |
| 21:09 | Create | Villager (Male) |
| 21:21 | Age | Castle Age |
| 21:24 | Build | Siege Workshop |
| 21:32 | Build | Monastery |
| 21:37 | Create | Villager (Male) |
| 21:40 | Create | Villager (Male) |
| 21:58 | Build | Monastery |
| 21:59 | Create | Villager (Male) |
| 22:17 | Create | Mangonel |
| 22:29 | Create | Monk |
| 22:37 | Research | Sanctity |
| 22:38 | Create | Villager (Male) |
| 22:38 | Create | Villager (Male) |
| 22:39 | Create | Monk |
| 22:41 | Create | Villager (Male) |
| 22:55 | Build | House |
| 22:56 | Create | Monk |
| 23:00 | Create | Villager (Male) |
| 23:03 | Research | Wheelbarrow |
| 23:15 | Create | Villager (Male) |
| 23:27 | Create | Villager (Male) |
| 23:28 | Create | Villager (Male) |
| 23:44 | Create | Monk |
| 24:04 | Create | Battering Ram |
| 24:27 | Create | Monk |
| 24:32 | Build | House |
| 24:50 | Build | House |
| 25:04 | Research | Redemption |
| 25:06 | Create | Monk |
| 25:08 | Create | Villager (Male) |
| 25:22 | Create | Villager (Male) |
| 25:24 | Create | Monk |
| 25:52 | Build | House |
| 25:58 | Create | Villager (Male) |
| 26:07 | Create | Villager (Male) |
| 26:14 | Build | Castle |
| 26:28 | Create | Villager (Male) |
| 26:55 | Build | Farm |
| 27:08 | Create | Villager (Male) |
| 27:37 | Build | House |
| 27:41 | Build | House |
| 28:52 | Build | Stable |
| 28:58 | Research | Imperial Age |
| 29:10 | Build | Mining Camp |
| 29:18 | Build | Mining Camp |
| 29:19 | Create | Villager (Male) |
| 29:35 | Build | University |
| 29:56 | Build | Stable |
| 30:03 | Research | Bloodlines |
| 30:37 | Research | Scale Barding Armor |
| 30:50 | Build | Stable |
| 30:55 | Create | Knight |
| 30:55 | Create | Knight |
| 31:05 | Build | Lumber Camp |
| 31:21 | Create | Villager (Male) |
| 31:29 | Create | Villager (Male) |
| 31:40 | Build | Farm |
| 31:40 | Build | Farm |
| 31:41 | Build | Farm |
| 31:41 | Build | Farm |
| 31:43 | Create | Villager (Male) |
| 31:51 | Create | Knight |
| 31:57 | Create | Knight |
| 31:57 | Create | Knight |
| 31:57 | Create | Knight |
| 32:08 | Age | Imperial Age |
| 32:11 | Research | Masonry |
| 32:32 | Build | Farm |
| 32:33 | Build | Farm |
Build order — mattdow55
First 150 of 200 actions detected
| 0:00 | Research | Loom |
| 0:04 | Build | House |
| 0:12 | Create | Villager (Male) ×3 |
| 0:33 | Build | Palisade Wall |
| 1:27 | Build | Lumber Camp |
| 1:39 | Build | House |
| 1:52 | Create | Villager (Male) |
| 2:03 | Build | Palisade Wall |
| 2:31 | Create | Villager (Male) |
| 2:43 | Build | Palisade Wall |
| 2:44 | Build | Palisade Wall |
| 3:00 | Create | Villager (Male) |
| 3:27 | Create | Villager (Male) |
| 3:51 | Create | Villager (Male) |
| 4:01 | Build | House |
| 4:37 | Create | Villager (Male) |
| 4:38 | Create | Villager (Male) |
| 4:58 | Create | Villager (Male) |
| 4:59 | Create | Villager (Male) |
| 5:22 | Create | Villager (Male) |
| 5:30 | Build | House |
| 5:48 | Create | Villager (Male) |
| 6:00 | Create | Villager (Male) |
| 6:17 | Build | Mill |
| 6:28 | Create | Villager (Male) |
| 6:53 | Create | Villager (Male) |
| 7:13 | Build | Mining Camp |
| 7:20 | Create | Villager (Male) |
| 7:38 | Create | Villager (Male) |
| 8:08 | Create | Villager (Male) |
| 9:03 | Research | Feudal Age |
| 9:23 | Build | Lumber Camp |
| 9:41 | Create | Villager (Male) |
| 9:49 | Build | House |
| 10:18 | Build | Barracks |
| 11:11 | Build | Palisade Wall |
| 11:13 | Age | Feudal Age |
| 11:19 | Build | Watch Tower |
| 11:20 | Build | Archery Range |
| 11:21 | Create | Villager (Male) |
| 11:33 | Create | Villager (Male) |
| 11:37 | Build | Stone Wall |
| 11:47 | Build | Stone Wall |
| 11:49 | Create | Villager (Male) |
| 11:56 | Research | Double-Bit Axe |
| 12:04 | Create | Archer |
| 12:04 | Create | Archer |
| 12:23 | Create | Villager (Male) |
| 12:24 | Create | Archer |
| 12:44 | Create | Archer |
| 13:02 | Create | Villager (Male) |
| 13:03 | Create | Archer |
| 13:09 | Build | Mill |
| 13:15 | Build | Mining Camp |
| 13:20 | Create | Villager (Male) |
| 13:25 | Create | Archer |
| 13:31 | Build | House |
| 13:46 | Create | Villager (Male) |
| 14:14 | Build | Stone Wall |
| 14:17 | Build | Stone Wall |
| 14:24 | Research | Horse Collar |
| 14:25 | Create | Archer |
| 14:26 | Create | Archer |
| 14:35 | Build | Stone Wall |
| 14:36 | Create | Villager (Male) |
| 14:41 | Build | House |
| 14:43 | Build | House |
| 14:44 | Build | House |
| 15:05 | Create | Villager (Male) |
| 15:13 | Build | Blacksmith |
| 15:30 | Build | Watch Tower |
| 15:33 | Create | Villager (Male) |
| 15:41 | Build | Watch Tower |
| 15:47 | Create | Villager (Male) |
| 16:00 | Research | Fletching |
| 16:02 | Create | Villager (Male) |
| 16:12 | Create | Archer |
| 16:28 | Build | Lumber Camp |
| 16:39 | Create | Villager (Male) |
| 17:04 | Build | Farm |
| 17:06 | Build | Farm |
| 17:07 | Create | Villager (Male) |
| 17:31 | Create | Archer |
| 17:33 | Create | Villager (Male) |
| 17:48 | Build | House |
| 17:49 | Build | House |
| 17:59 | Create | Villager (Male) |
| 18:16 | Build | Farm |
| 18:21 | Create | Villager (Male) |
| 18:34 | Create | Archer |
| 18:46 | Build | Farm |
| 18:47 | Build | Farm |
| 18:48 | Create | Villager (Male) |
| 19:07 | Create | Villager (Male) |
| 19:10 | Create | Archer |
| 19:18 | Build | Farm |
| 19:21 | Build | House |
| 19:35 | Create | Villager (Male) |
| 19:51 | Build | Farm |
| 19:54 | Build | House |
| 20:10 | Create | Archer |
| 20:12 | Create | Villager (Male) |
| 20:22 | Build | Market |
| 20:25 | Create | Villager (Male) |
| 20:46 | Create | Villager (Male) |
| 20:48 | Create | Archer |
| 20:56 | Build | Farm |
| 21:09 | Build | Farm |
| 21:18 | Research | Castle Age |
| 21:24 | Create | Villager (Male) |
| 21:31 | Build | Farm |
| 21:51 | Create | Villager (Male) |
| 21:54 | Build | Farm |
| 21:56 | Create | Villager (Male) |
| 22:01 | Create | Archer |
| 22:03 | Create | Archer |
| 22:06 | Research | Padded Archer Armor |
| 22:11 | Build | House |
| 22:13 | Build | House |
| 22:13 | Build | House |
| 22:14 | Build | House |
| 22:18 | Build | Farm |
| 22:25 | Create | Villager (Male) |
| 22:48 | Create | Archer |
| 22:57 | Create | Villager (Male) |
| 23:15 | Build | Watch Tower |
| 24:14 | Age | Castle Age |
| 24:15 | Build | Castle |
| 24:20 | Research | Bodkin Arrow |
| 24:41 | Build | Town Center |
| 24:48 | Research | Wheelbarrow |
| 25:01 | Build | Siege Workshop |
| 25:33 | Create | Mangonel |
| 25:36 | Create | Villager (Male) |
| 25:42 | Create | Villager (Male) |
| 26:05 | Create | Villager (Male) |
| 26:28 | Create | Mangonel |
| 26:29 | Create | Villager (Male) |
| 27:28 | Research | Imperial Age |
| 27:28 | Research | Imperial Age |
| 27:31 | Create | Villager (Male) |
| 27:32 | Create | Villager (Male) |
| 27:32 | Create | Villager (Male) |
| 27:33 | Create | Villager (Male) |
| 27:45 | Build | Town Center |
| 28:10 | Create | Plumed Archer |
| 28:28 | Build | University |
| 28:37 | Create | Villager (Male) |
| 29:05 | Create | Villager (Male) |
| 29:14 | Create | Villager (Male) |
Match timeline
| 0:33 | mattdow55 · wall_segment Palisade Wall x6 |
| 2:03 | mattdow55 · wall_segment Palisade Wall x1 |
| 2:43 | mattdow55 · wall_segment Palisade Wall x1 |
| 2:44 | mattdow55 · wall_segment Palisade Wall x1 |
| 8:04 | JoshDomestique · first_building Barracks |
| 10:18 | mattdow55 · first_building Barracks |
| 10:59 | JoshDomestique · age_up feudal |
| 11:11 | mattdow55 · wall_segment Palisade Wall x2 |
| 11:13 | mattdow55 · age_up feudal |
| 11:20 | mattdow55 · first_building Archery Range |
| 11:37 | mattdow55 · wall_segment Stone Wall x1 |
| 11:47 | mattdow55 · wall_segment Stone Wall x2 |
| 14:14 | mattdow55 · wall_segment Stone Wall x8 |
| 14:17 | mattdow55 · wall_segment Stone Wall x1 |
| 14:35 | mattdow55 · wall_segment Stone Wall x2 |
| 15:21 | JoshDomestique · first_market_buy 100 stone |
| 21:16 | mattdow55 · first_market_buy 100 food |
| 21:21 | JoshDomestique · age_up castle |
| 21:24 | JoshDomestique · first_building Siege Workshop |
| 21:32 | JoshDomestique · first_building Monastery |
| 24:14 | mattdow55 · age_up castle |
| 24:15 | mattdow55 · first_building Castle |
| 24:56 | JoshDomestique · first_market_sell 100 wood |
| 25:01 | mattdow55 · first_building Siege Workshop |
| 26:14 | JoshDomestique · first_building Castle |
| 26:41 | mattdow55 · first_market_sell 500 stone |
| 28:52 | JoshDomestique · first_building Stable |
| 30:38 | mattdow55 · age_up imperial |
| 32:08 | JoshDomestique · age_up imperial |
| 34:19 | JoshDomestique · wall_segment Stone Wall x8 |
| 34:53 | mattdow55 · resign |
[ AI ANALYSIS · 1 CREDIT ]
What really happened in this match?
Wolo.gg analyzes every decision: build order, eco, micro, common mistakes by bracket. Personalized analysis on WhatsApp or Discord in 30 seconds.
Civ guide
Burmese
Perfil
Jugador #2488477